 Dungeon Sprint DCSS version 0.27.1-33-g824d729ab1 (webtiles) character file.

Game seed: 6209901956681975930

6102 Hipnos the Worldbinder (level 10, -3/53 HPs)
             Began as a Tengu Summoner on Nov 29, 2021.
             Was a High Priest of Sif Muna.
             Slain by an unseen horror (5 damage)
             ... in the Dungeon (Sprint I: "Red Sonja").
             The game lasted 00:32:23 (4025 turns).

Hipnos the Worldbinder (Tengu Summoner)             Turns: 4025, Time: 00:32:23

Health: -3/53      AC:  7    Str:  8    XL:     10   Next: 88%
Magic:  0/27       EV: 16    Int: 18    God:    Sif Muna [*****.]
Gold:   680        SH:  0    Dex: 16    Spells: 3/34 levels left

rFire    + + +     SeeInvis .   r - +4 hand crossbow of Honesty {flame, rF++ rC- rCorr}
rCold    x x .     Faith    .   (no shield)
rNeg     . . .     Spirit   +   p - +2 robe {Will+}
rPois    .         Reflect  .   (helmet restricted)
rElec    .         Harm     .   (no cloak)
rCorr    +         Rampage  .   q - +2 pair of gloves
Will     +....     NoTele   +   (boots unavailable)
Stlth    ++........             s - amulet of guardian spirit
HPRegen  0.17/turn              t - ring of fire
MPRegen  0.20/turn              (no ring)

@: flying quickly and evasively, quick
A: beak, talons 3, nimble flight
a: Renounce Religion, Channel Magic, Forget Spell, Divine Exegesis


You were in the Dungeon.
You worshipped Sif Muna.
Sif Muna was extremely pleased with you.
You visited 1 branch You collected 2260 gold pieces.
You spent 1580 gold pieces at shops.

Inventory:

Hand Weapons
 i - a +1 scythe of venom
 r - the +4 hand crossbow of Honesty (weapon) {flame, rF++ rC- rCorr}
   (You bought it in a shop in the Dungeon)

   Any ammunition fired from it burns those it strikes, dealing additional fire
   damage.
   rF:        It greatly protects you from fire.
   rC:        It makes you vulnerable to cold.
   rCorr:     It protects you from acid and corrosion.
Armour
 a - a +0 robe
 j - a +0 pair of gloves
 p - a +2 robe of willpower (worn)
 q - a +2 pair of gloves (worn)
Jewellery
 s - an amulet of guardian spirit (around neck)
 t - a ring of fire (left hand)
Wands
 h - a wand of digging (5)
 m - a wand of acid (9)
Scrolls
 g - a scroll of vulnerability {unknown}
 n - a scroll of identify {unknown}
 o - a scroll of blinking
Potions
 b - 3 potions of mutation {unknown}
 d - a potion of haste
 e - a potion of magic
 f - a potion of berserk rage
 k - a potion of ambrosia {unknown}
 l - 3 potions of curing


   Skills:
 + Level 2.1 Fighting
 + Level 1.3 Polearms
 - Level 3.6 Dodging
 - Level 2.0 Stealth
 + Level 12.6 Spellcasting
 - Level 0.4 Hexes
 * Level 22.5 Summonings
 + Level 0.5 Earth Magic


You had 3 spell levels left.
You knew the following spells:

 Your Spells              Type           Power      Damage    Failure   Level
a - Summon Small Mammal   Summ           100%       N/A       0%          1
b - Call Imp              Summ           75%        N/A       0%          2
c - Call Canine Familiar  Summ           75%        N/A       0%          3
d - Summon Guardian Gole  Hex/Summ       52%        N/A       1%          3
e - Summon Lightning Spi  Summ/Air       51%        N/A       1%          4
f - Animate Armour        Summ/Erth      100%       N/A       1%          4
g - Summon Mana Viper     Hex/Summ       52%        N/A       1%          5
h - Dragon's Call         Summ           37%        N/A       50%         9

Your spell library contained the following spells:

 Spells                   Type           Power      Damage    Failure   Level
 Apportation              Tloc           22%        N/A       6%          1
 Freeze                   Ice            44%        1d6       6%          1
 Ensorcelled Hibernation  Hex/Ice        24%        N/A       9%          2
 Portal Projectile        Hex/Tloc       24%        N/A       17%         3
 Lesser Beckoning         Tloc           5%         N/A       19%         3
 Swiftness                Air            11%        N/A       19%         3
 Summon Ice Beast         Ice/Summ       51%        N/A       1%          4
 Summon Forest            Summ/Tloc      25%        N/A       1%          5
 Summon Horrible Things   Summ           37%        N/A       3%          8
 Malign Gateway           Summ/Tloc      25%        N/A       45%         7
 Spellforged Servitor     Conj/Summ      25%        N/A       45%         7
 Animate Dead             Necr           5%         N/A       52%         4
 Borgnjor's Vile Clutch   Necr/Erth      6%         N/A       83%         5
 Lightning Bolt           Conj/Air       5%         1d17      86%         5
 Simulacrum               Ice/Necr       5%         N/A       100%        6
 Lehudib's Crystal Spear  Conj/Erth      6%         10d3      100%        8


Dungeon Overview and Level Annotations

Branches:
Dungeon (1/1)

Altars:
Cheibriados
Dithmenos
Elyvilon
Fedhas
Gozag
Hepliaklqana
Kikubaaqudgha
Makhleb
Nemelex Xobeh
Okawaru
Qazlal
Ru
Sif Muna
Trog
Uskayaw
Vehumet
Wu Jian
Xom
Yredelemnul
Zin
The Shining One
Jiyva
Lugonu

Shops:
D [:?((:[(*?=[?*([*


Innate Abilities, Weirdness & Mutations

You have a beak for a mouth.
You have claws for feet.
Your magical nature lets you fly swiftly and evasively.


Message History

Found a potion of curing and a leather armour.
An unseen horror comes into view.
The daeva calls down the wrath of the Shining One upon you.
The Shining One smites you! Something hits you but does no damage.
Deactivating autopickup; reactivate with Ctrl-A.
The unseen horror hits you! Something hits you. The unseen horror hits you!
The daeva calls down the wrath of the Shining One upon you.
The Shining One smites you!
* * * LOW HITPOINT WARNING * * *
You feel much better. Something hits you. The unseen horror closely misses you.
Something hits you. Something hits you but does no damage.
Something barely misses you.
You closely miss something. Something hits you!
* * * LOW HITPOINT WARNING * * *
Something hits you but does no damage. x2; Something hits you.
* * * LOW HITPOINT WARNING * * *
The unseen horror misses you. Something hits you but does no damage.
Something hits you.
* * * LOW HITPOINT WARNING * * *
Blink to where?
Press: ? - help, Dir - move target
As you read the scroll of blinking, it crumbles to dust.
An unseen horror comes into view.
Something hits you.
* * * LOW HITPOINT WARNING * * *
Something completely misses you.
An unseen horror comes into view.
Something hits you.
* * * LOW HITPOINT WARNING * * *
Unknown command.
Casting: Call Canine Familiar (safe; 0% risk of failure)
Confirm with . or Enter, or press ? or * to list all spells.
You don't have enough magic to cast this spell.
Okay, then.
As you read the scroll labelled UPAIVA CIVUN, it crumbles to dust.
It is a scroll of enchant armour.
Your +1 robe of willpower glows green for a moment.
Something barely misses you. x2; Something hits you.
You die...

##+####
#§##$$$#
##§§§.#
#8..
#§§###$#
###§##
#°.^.
##x#A#$#
#(#
###°.☼
#.§###$#
#+#
'.#..^#
#.##..$#
^§§
#.#..##
#..#+###
^§..§
#§#..#
##{..#
#.§§§§
#§# ##{#
.§..§D
#§# #@#
#. §§.
§.# #.#
# ^ #.#
#+# #§#
§.# ###


There were no monsters in sight!

Vanquished Creatures
  A kobold demonologist (D)
  A floating eye (D)
2 creatures vanquished.

Vanquished Creatures (collateral kills)
  A hydra (D)
  2 centaur warriors (D)
  Sonja (D)
  A deep troll (D)
  2 unseen horrors (D)
  A gargoyle (D)
  A demonic crawler (D)
  A kobold demonologist (D)
  A slime creature (D)
  Sigmund (D)
  2 redbacks (D)
  7 hogs (D)
  A yak (D)
  2 floating eyes (D)
  7 necrophages (D)
  An ogre (D)
  7 jellies (D)
  Ijyb (D)
40 creatures vanquished.

Vanquished Creatures (others)
  A lindwurm (D)
  An oklob plant (D)
  A gargoyle (D)
  3 demonic crawlers (D)
  3 hornets (D)
  6 hogs (D)
  A jelly (D)
  2 ballistomycete spores (D)
18 creatures vanquished.

Grand Total: 60 creatures vanquished

Notes
Turn   | Place    | Note
-------+----------+-------------------------------------------
     0 | D        | Hipnos the Tengu Summoner began the quest for the Orb.
     0 | D        | Reached XP level 1. HP: 10/10 MP: 4/4
     1 | D        | Noticed Ijyb
    14 | D        | Killed Ijyb
    15 | D        | Reached skill level 7 in Summonings
    15 | D        | Reached XP level 2. HP: 9/15 MP: 1/6
   125 | D        | Learned a level 2 spell: Call Imp
   129 | D        | Noticed an ogre
   136 | D        | Killed an ogre
   137 | D        | Reached skill level 9 in Summonings
   137 | D        | Reached XP level 3. HP: 19/19 MP: 0/8
   153 | D        | Learned a level 3 spell: Call Canine Familiar
   307 | D        | Noticed Sigmund
   316 | D        | Killed Sigmund
   317 | D        | Reached skill level 11 in Summonings
   317 | D        | Reached XP level 4. HP: 22/24 MP: 2/10
   317 | D        | Gained mutation: Your magical nature lets you fly swiftly
                  | and evasively. [Tengu growth]
   317 | D        | Reached XP level 5. HP: 26/28 MP: 2/11
   405 | D        | Learned a level 3 spell: Summon Guardian Golem
   405 | D        | Found an ornate altar of the Wu Jian Council.
   405 | D        | Found a shimmering blue altar of Sif Muna.
   422 | D        | Found a radiant altar of Vehumet.
   427 | D        | Became a worshipper of Sif Muna the Loreminder
   458 | D        | Found Viphem's Book Emporium.
   458 | D        | Found an ancient bone altar of Kikubaaqudgha.
   458 | D        | Found a hazy altar of Hepliaklqana.
   458 | D        | Found a stormy altar of Qazlal.
   458 | D        | Found a hide-covered altar of Uskayaw.
   458 | D        | Found a blossoming altar of Fedhas.
   458 | D        | Found a bloodstained altar of Trog.
   458 | D        | Found an iron altar of Okawaru.
   458 | D        | Found a basalt altar of Yredelemnul.
   458 | D        | Found a glowing golden altar of the Shining One.
   458 | D        | Found a snail-covered altar of Cheibriados.
   458 | D        | Found a sacrificial altar of Ru.
   458 | D        | Found a glowing silver altar of Zin.
   458 | D        | Found a shadowy altar of Dithmenos.
   458 | D        | Found a white marble altar of Elyvilon.
   458 | D        | Noticed a yak
   468 | D        | Killed a yak
   469 | D        | Reached skill level 12 in Summonings
   471 | D        | Found an opulent altar of Gozag.
   472 | D        | Found a sparkling altar of Nemelex Xobeh.
   565 | D        | Learned a level 4 spell: Summon Lightning Spire
   566 | D        | Found a burning altar of Makhleb.
   566 | D        | Found a viscous altar of Jiyva.
   566 | D        | Found a shimmering altar of Xom.
   566 | D        | Found a corrupted altar of Lugonu.
   566 | D        | Noticed a slime creature
   574 | D        | Killed a slime creature
   575 | D        | Reached skill level 5 in Spellcasting
   575 | D        | Reached skill level 13 in Summonings
   575 | D        | Reached XP level 6. HP: 32/32 MP: 4/15
   688 | D        | Noticed a kobold demonologist
   688 | D        | Noticed a floating eye
   699 | D        | Noticed a smoke demon
   701 | D        | Noticed a kobold demonologist
   707 | D        | Killed a floating eye
   707 | D        | Reached * piety under Sif Muna
   708 | D        | Reached skill level 14 in Summonings
   708 | D        | Noticed a neqoxec
   708 | D        | Killed a kobold demonologist
   709 | D        | Reached skill level 15 in Summonings
   709 | D        | Reached XP level 7. HP: 36/36 MP: 3/17
   721 | D        | Noticed an orange demon
   730 | D        | Noticed an ice devil
   732 | D        | Killed a kobold demonologist
   847 | D        | Noticed Sonja
   852 | D        | Killed Sonja
   852 | D        | Reached ** piety under Sif Muna
   853 | D        | Reached skill level 16 in Summonings
   853 | D        | Reached XP level 8. HP: 15/41 MP: 1/21
  1077 | D        | Found Jiging's Antique Armour Boutique.
  1085 | D        | Bought a pair of gloves for 112 gold pieces
  1105 | D        | Noticed a deep troll
  1118 | D        | Killed a deep troll
  1119 | D        | Reached skill level 17 in Summonings
  1132 | D        | Found Hoigao's Armour Emporium.
  1194 | D        | Noticed a demonic crawler
  1194 | D        | Noticed a demonic crawler
  1194 | D        | Noticed a demonic crawler
  1194 | D        | Noticed a demonic crawler
  1405 | D        | Killed a demonic crawler
  1406 | D        | Reached skill level 18 in Summonings
  1415 | D        | Killed a demonic crawler
  1415 | D        | Reached *** piety under Sif Muna
  1416 | D        | Reached skill level 1 in Fighting
  1416 | D        | Reached XP level 9. HP: 13/47 MP: 19/23
  1428 | D        | Killed a demonic crawler
  1443 | D        | Killed a demonic crawler
  1444 | D        | Reached skill level 10 in Spellcasting
  1444 | D        | Reached skill level 19 in Summonings
  1530 | D        | Killed a hornet
  1681 | D        | Killed a hornet
  1872 | D        | Noticed a lindwurm
  1908 | D        | Killed a lindwurm
  2019 | D        | Reached **** piety under Sif Muna
  2048 | D        | Reached skill level 20 in Summonings
  2059 | D        | Reached ***** piety under Sif Muna
  2071 | D        | Received a gift from Sif Muna
  2072 | D        | Reached XP level 10. HP: 44/52 MP: 9/26
  2072 | D        | Got Sif Muna's Volume of Displacement {god gift}
  2359 | D        | Killed a gargoyle
  2417 | D        | Noticed a centaur warrior
  2435 | D        | Killed a centaur warrior
  2436 | D        | Reached skill level 21 in Summonings
  2436 | D        | Noticed a centaur warrior
  2477 | D        | Killed a centaur warrior
  2608 | D        | Identified the +1 leather armour of the Great Game {-Tele
                  | rElec Int+4}
  2628 | D        | Received a gift from Sif Muna
  2629 | D        | Got Tidghieh's Reference Book on Ashen Snow {god gift}
  2657 | D        | Noticed an oklob plant
  2663 | D        | Killed an oklob plant
  3029 | D        | Learned a level 4 spell: Animate Armour
  3044 | D        | Paralysed by a floating eye for 2 turns
  3049 | D        | Paralysed by a floating eye for 2 turns
  3053 | D        | Paralysed by a floating eye for 3 turns
  3060 | D        | Paralysed by a floating eye for 3 turns
  3076 | D        | Received a gift from Sif Muna
  3079 | D        | Got Johouw's Reference Book on the Dislocated Escort {god
                  | gift}
  3275 | D        | Killed an unseen horror
  3276 | D        | Reached skill level 22 in Summonings
  3281 | D        | Killed an unseen horror
  3435 | D        | Received a gift from Sif Muna
  3436 | D        | Got Sif Muna's Tome of Summoning and Darkness {god gift}
  3443 | D        | Learned a level 5 spell: Summon Mana Viper
  3459 | D        | Reached skill level 1 in Polearms
  3601 | D        | Found Nauneg's Weapon Shoppe.
  3601 | D        | Found Rec Woch's Magic Scroll Shop.
  3601 | D        | Found Atwes's Weapon Boutique.
  3603 | D        | Found Zuzid's Book Emporium.
  3603 | D        | Found Ifopluos's Antique Armour Shop.
  3603 | D        | Found Jikhad's Weapon Shoppe.
  3603 | D        | Found Vuett's Assorted Antiques.
  3603 | D        | Found Vuobiehu's Magic Scroll Emporium.
  3603 | D        | Found Osidoka's Jewellery Shop.
  3603 | D        | Found Morebuto's Armour Shoppe.
  3605 | D        | Bought a scroll of blinking for 105 gold pieces
  3607 | D        | Found Inam's Magic Scroll Boutique.
  3608 | D        | Found Burhal's Antique Weapon Emporium.
  3608 | D        | Found Pakuxt's Assorted Antiques.
  3609 | D        | Bought a runed robe for 99 gold pieces
  3619 | D        | Found Qagynado's General Store.
  3626 | D        | Bought a +2 pair of gloves for 181 gold pieces
  3655 | D        | Bought the +4 hand crossbow of Honesty {flame, rF++ rC-
                  | rCorr} for 543 gold pieces
  3662 | D        | Bought a dented zirconium amulet for 135 gold pieces
  3669 | D        | Bought a ring of fire for 300 gold pieces
  3670 | D        | Bought a scroll of blinking for 105 gold pieces
  3739 | D        | Noticed a gargoyle
  3745 | D        | Killed a gargoyle
  3881 | D        | Noticed a 12-headed hydra
  3890 | D        | Killed a 12-headed hydra
  3890 | D        | Received a gift from Sif Muna
  3891 | D        | Got Atzo Aschi's Catalogue of Creative Lightness {god gift}
  3912 | D        | Learned a level 9 spell: Dragon's Call
  3994 | D        | Noticed a shadow dragon
  4017 | D        | Noticed a daeva
  4020 | D        | Noticed an unseen horror
  4024 | D        | Noticed an unseen horror
  4024 | D        | Noticed an unseen horror
  4024 | D        | HP: 2/53 [something (5)]
  4025 | D        | Slain by an unseen horror

Illustrated notes

Levels and vault maps discovered:
D:        dungeon_sprint_1 [red_sonja_temple_1, red_sonja_temple_small_1]

Skill      XL: |  1  2  3  4  5  6  7  8  9 10 |
---------------+-------------------------------+-----
Summonings     | 7 9 11 13 15 16 18 20 22 | 22.5
Dodging        | 3 |  3.6
Spellcasting   | 3 5 6 8 9 11 12 | 12.6
Fighting       | 1 2 |  2.1
Polearms       | 1 |  1.3
Stealth        | |  2.0
Hexes          | |  0.4
Earth Magic    | |  0.5

Action                   |  1- 3 |  4- 6 |  7- 9 | 10-12 || total
-------------------------+-------+-------+-------+-------++-------
Melee: Unarmed           |     6 |       |       |       ||     6
       Kick              |     2 |       |     1 |     3 ||     6
       Scythe            |       |       |     3 |     4 ||     7
       Peck              |       |       |       |     2 ||     2
       Hand crossbow     |       |       |       |     1 ||     1
 Cast: Summon Small Mamm |     4 |       |       |       ||     4
       Call Imp          |     5 |     2 |    11 |    13 ||    31
       Call Canine Famil |     1 |     3 |    10 |    17 ||    31
       Summon Guardian G |       |     4 |    18 |    14 ||    36
       Summon Lightning  |       |     4 |    10 |    19 ||    33
       Summon Mana Viper |       |       |       |     6 ||     6
       Animate Armour    |       |       |       |     5 ||     5
  Use: Potion            |     1 |       |     1 |     1 ||     3
       Scroll            |       |       |     1 |     2 ||     3
Armor: Robe              |       |       |     5 |    14 ||    19
Dodge: Dodged            |     2 |       |    25 |    26 ||    53
